 Dungeon Crawl Stone Soup version 0.22.1-1-ga44c0e5 (webtiles) character file.

1180 Anon1729 the Skirmisher (level 8, -5/68 (70) HPs)
             Began as a Ghoul Gladiator on Oct 30, 2018.
             Slain by Pikel the basilisk (22 damage)
             ... on level 5 of the Dungeon.
             The game lasted 00:08:02 (4374 turns).

Anon1729 the Skirmisher (Ghoul Gladiator)           Turns: 4374, Time: 00:08:03

HP:   -5/68 (70)    AC:  8    Str: 18    XL:     8   Next: 42%
MP:   7/7           EV: 13    Int:  5    God:
Gold: 165           SH:  2    Dex: 10    Spells: 7/7 levels left

rFire    . . .     SeeInvis .   z - +2 quarterstaff (chaos)
rCold    + . .     Gourm    .   (shield currently unavailable)
rNeg     + + +     Faith    .   C - +1 leather armour {rPois}
rPois    ∞         Spirit   .   c - +0 helmet
rElec    .         Reflect  +   r - +0 cloak (curse)
rCorr    .         Harm     .   l - +0 pair of gloves
MR       .....                  (no boots)
Stlth    +.........             p - +2 amulet of reflection
HPRegen  0.00/turn              (no ring)
MPRegen  0.10/turn              (no ring)

@: rotting
A: rotting body, claws 1, carnivore, cold resistance 1, negative energy
resistance 3, inhibited regeneration, torment resistance, unbreathing
a: no special abilities


You were on level 5 of the Dungeon.
You were not hungry.

You visited 2 branches of the dungeon, and saw 6 of its levels.

You collected 165 gold pieces.

Inventory:

Hand Weapons
 a - a +0 quarterstaff
 z - a +2 quarterstaff of chaos (weapon)
Missiles
 d - 2 throwing nets (quivered)
Armour
 c - a +0 helmet (worn)
 l - a +0 pair of gloves (worn)
 r - a cursed +0 cloak (worn)
 C - a +1 leather armour of poison resistance (worn)
Jewellery
 p - a +2 amulet of reflection (around neck)
 s - an uncursed amulet of magic regeneration
 u - an uncursed amulet of the acrobat
Wands
 B - a wand of disintegration (12)
Scrolls
 e - 2 scrolls of enchant weapon {unknown}
 g - 4 scrolls of teleportation
 i - 2 scrolls of remove curse {unknown}
 m - 2 scrolls of enchant armour {unknown}
 t - a scroll of fear {unknown}
 x - a scroll of blinking {unknown}
 y - a scroll of amnesia {unknown}
Potions
 h - a potion of ambrosia {unknown}
 j - 3 potions of flight {unknown}
 k - 2 potions of agility {unknown}
 n - 3 potions of curing {unknown}
 q - 2 potions of might {unknown}
Comestibles
 f - 18 rations


   Skills:
 + Level 5.7 Fighting
 + Level 5.2 Staves
 - Level 1.7 Throwing
 + Level 4.2 Armour
 + Level 5.2 Dodging


You had 7 spell levels left.
You didn't know any spells.
Your spell library was empty.

Dungeon Overview and Level Annotations

Branches:
Dungeon (5/15)             Temple (1/1) D:5

Altars:
Dithmenos
Fedhas
Gozag
Hepliaklqana
Makhleb
Okawaru
Qazlal
Ru
Sif Muna
Trog
Uskayaw
Yredelemnul

Shops:
D:5 :

Annotations:
D:4 2 transporters, Sigmund
D:5 Pikel


Innate Abilities, Weirdness & Mutations

Your body is rotting away.
You thrive on raw meat.
You are immune to poison.
You have sharp fingernails.
You are carnivorous and can eat meat at any time.
Your flesh is cold resistant. (rC+)
You are immune to negative energy. (rN+++)
You do not regenerate when monsters are visible.
You are immune to unholy pain and torment.
You can survive without breathing.


Message History

Pikel is severely wounded.
Pikel hits you with a whip of freezing!
* * * LOW HITPOINT WARNING * * *
Unknown command.
You closely miss Pikel.
Pikel is severely wounded.
Pikel closely misses you.
You completely miss Pikel.
Pikel is severely wounded.
Pikel closely misses you. x2
You hit Pikel. You freeze Pikel.
Pikel is severely wounded.
Pikel barely misses you.
You hit Pikel.
Pikel evaporates and reforms as a basilisk!
Pikel is severely wounded.
You hit Pikel but do no damage.
Pikel goes berserk!
Pikel is severely wounded.
Pikel bites you!!
You die...

#.......######..#
#.#...#.# #..# #..#.#..#
####..# ....>...###.....#
### ...#.#..........# #..
..#...#..##.##..# #.#
..............<.# #.# #
.......#.##....####p###..#
.......'........@lpp....$#
..>....#.##....####..###.#
......##.###.#.# #..#
.....###.......# ##.#
#...## #######.# #.# ##'##
#.# #.# #.# #.# #.#
##.###### #.# #.#
........######.#


You could see Pikel the basilisk (berserk) and 3 slaves.

Vanquished Creatures
  Grinder (D:3)
  Eustachio (D:4)
  A slave (D:5)
  An ice beast (D:5)
  An ogre (D:4)
  2 centaurs
  2 howler monkeys (D:4)
  2 hounds (D:4)
  Crazy Yiuf (D:3)
  Jessica (D:3)
  2 iguanas
  Ijyb (D:4)
  A worker ant (D:5)
  A hound zombie (D:5)
  9 adders
  2 gnolls (D:5)
  A river rat (D:5)
  An adder zombie (D:4)
  2 worms (D:2)
  5 dart slugs
  3 leopard geckos
  3 orcs (D:4)
  A ball python (D:1)
  5 bats
  5 giant cockroaches
  10 goblins
  A hobgoblin (D:2)
  6 jackals
  8 kobolds
  5 quokkas
  5 frilled lizards
  7 rats
97 creatures vanquished.

Notes
Turn   | Place    | Note
-------+----------+-------------------------------------------
     0 | D:1      | Anon1729 the Ghoul Gladiator began the quest for the Orb.
     0 | D:1      | Reached XP level 1. HP: 17/17 MP: 0/0
     3 | D:1      | Noticed an electric eel
     3 | D:1      | Noticed an electric eel
   192 | D:1      | Reached XP level 2. HP: 23/25 MP: 1/1
   329 | D:1      | Reached XP level 3. HP: 30/30 MP: 2/2
   485 | D:1      | Reached skill level 1 in Armour
   860 | D:2      | Found a bloodstained altar of Trog.
   883 | D:2      | Reached XP level 4. HP: 28/37 MP: 3/3
  1875 | D:2      | Reached XP level 5. HP: 42/45 MP: 4/4
  1992 | D:3      | Found a shadowy altar of Dithmenos.
  2010 | D:3      | Noticed Jessica
  2018 | D:3      | Killed Jessica
  2122 | D:3      | Noticed Grinder
  2131 | D:3      | Killed Grinder
  2131 | D:3      | Reached XP level 6. HP: 41/52 MP: 5/5
  2537 | D:3      | Found a runed door.
  2592 | D:4      | Found a transporter.
  2599 | D:4      | Reached XP level 7. HP: 39/60 MP: 6/6
  2617 | D:4      | Noticed Eustachio
  2637 | D:4      | Killed Eustachio
  2680 | D:4      | Found a transporter.
  2721 | D:4      | Reached skill level 5 in Fighting
  2874 | D:4      | Noticed Sigmund
  2999 | D:4      | Noticed Ijyb
  3148 | D:3      | Noticed Crazy Yiuf
  3158 | D:3      | Killed Crazy Yiuf
  3395 | D:4      | Reached XP level 8. HP: 50/68 MP: 7/7
  3492 | D:4      | Killed Ijyb
  3636 | D:5      | Entered Level 5 of the Dungeon
  3747 | D:5      | Reached skill level 5 in Staves
  3752 | D:5      | Reached skill level 5 in Dodging
  3804 | D:5      | Found a staircase to the Ecumenical Temple.
  3814 | Temple   | Entered the Ecumenical Temple
  4109 | D:5      | Found Giej's Book Boutique.
  4344 | D:5      | Noticed Pikel
  4373 | D:5      | Noticed Pikel
  4373 | D:5      | Pikel changed into Pikel the basilisk
  4374 | D:5      | Slain by Pikel the basilisk

Skill      XL: |  1  2  3  4  5  6  7  8 |
---------------+-------------------------+-----
Staves         | 3 4 5 |  5.2
Dodging        | 3 4 5 |  5.2
Armour         | 1 2 3 4 |  4.2
Fighting       | 3 4 5 |  5.7
Throwing       | |  1.7

Action                   |  1- 3 |  4- 6 |  7- 9 || total
-------------------------+-------+-------+-------++-------
Melee: Quarterstaff      |   106 |   114 |   170 ||   390
Throw: Throwing net      |       |       |     1 ||     1
  Use: Scroll            |       |       |     4 ||     4
 Stab: Held in net/web   |       |       |     1 ||     1
  Eat: Chunk             |     2 |     5 |     8 ||    15
Armor: Leather armour    |    45 |    38 |    49 ||   132
Dodge: Dodged            |    83 |    86 |   138 ||   307
Block: Other             |       |     6 |    11 ||    17
